AoeStats
← F4BM4N102030

Arena

508282336Analyzed
3v3 RM · 11d ago on Sep 21, 2026· 26m 56s· 6 players
Game mode
Random Map
Map size
Normal (6 player)
Population
200
Speed
Normal
Resources
Standard
Victory
Conquest
Starting age
Dark Age
Ending age
Imperial Age
RankedLock teamsTeams togetherTeam positionsShared explorationLock speedFull tech treeHidden civsTurbo modeCheats
Victory
Defeat
🇦🇷 Italians · Argentina
1126
+13
🇦🇷 Huns · Argentina
1118
+13
🇦🇷 Goths · Argentina
985
+19
🇸🇰 Poles · Slovakia
1215
-20
🇸🇰 Spanish · Slovakia
1143
-19
🇸🇰 Franks · Slovakia
793
-6
Monkey87
10:59 Feudal Age
12:38 Loom
15:21 Castle Age
13:57 Double-Bit Axe
14:50 Horse Collar
15:51 Gold Mining
16:41 Fletching
22:24 Bow Saw
F4BM4N102030
11:38 Feudal Age
12:39 Double-Bit Axe
18:48 Castle Age
20:09 Loom
23:53 Light Cavalry
juraj.sebej
10:22 Feudal Age
14:12 Castle Age
12:01 Horse Collar
13:49 Double-Bit Axe
15:01 Heavy Plow
15:35 Bow Saw
19:57 Loom
20:48 Wheelbarrow
22:05 Hand Cart
23:17 Gold Mining
27:21 Imperial Age
24:40 Loom
24:41 Town Watch
25:00 Man-at-Arms
25:41 Squires
25:42 Scale Mail Armor
25:53 Forging
25:58 Fletching
25:46 Long Swordsman
Mortadela
10:31 Feudal Age
21:05 Double-Bit Axe
22:39 Horse Collar
27:34 Wheelbarrow
Pablo
10:44 Feudal Age
14:56 Castle Age
18:15 Fletching
Pem
11:18 Feudal Age
14:44 Castle Age
13:41 Scale Mail Armor
13:53 Forging
18:57 Imperial Age
18:01 Squires
18:32 Chain Mail Armor
Connection lost

Rejoining the realm…

Still unreachable

The connection could not be restored.

Session expired

The server has moved on; the page needs a fresh start.